 Dungeon Crawl Stone Soup version 0.29-a0-613-gf2c431b9b9 (webtiles) character file.

Game seed: 3291245724058175029

28098 Shayle the Nimble (level 13, -2/82 HPs)
             Began as a Tengu Brigand on June 16, 2022.
             Was a Priest of Ashenzari.
             Slain by an entropy weaver simulacrum (26 damage)
             ... in an ice cave.
             The game lasted 00:59:39 (16430 turns).

Shayle the Nimble (Tengu Brigand)                  Turns: 16430, Time: 00:59:42

Health: -2/82      AC: 27    Str: 12    XL:     13   Next: 36%
Magic:  4/27       EV: 17    Int: 16    God:    Ashenzari [***...]
Gold:   815        SH:  5    Dex: 16    Spells: 15/30 levels left

rFire   . . .      SeeInvis +   A - +7 staff of the Meek {protect, meekguard}
rCold   . . .      Faith    .   (shield currently unavailable)
rNeg    . . .      Spirit   .   l - +0 ring mail
rPois   +          Reflect  +   m - +2 hat "Negligence of Ashenzari" {Alch, Bglg} (curse)
rElec   .          Harm     .   c - +0 cloak
rCorr   .          Rampage  .   I - +0 pair of gloves
Will    .....      Clarity  +   (boots unavailable)
Stlth   +++.......              f - amulet "Oracular Prison" {Reflect SH+5, Self, Comp} (curse)
HPRegen 0.23/turn               w - ring "Shattered Together" {rPois, Evo, Comp} (curse)
MPRegen 0.20/turn               L - ring of Ouranomancy {AC+4, Elem, Self} (curse)

@: under a protective aura, flying quickly and evasively, quick
A: beak, talons 3, nimble flight
a: Renounce Religion, Curse Item, Shatter the Chains


You were in an ice cave.
You worshipped Ashenzari.
Ashenzari was most pleased with you.
You visited 3 branches of the dungeon, and saw 14 of its levels.
You also visited: Ice Cave.

You collected 815 gold pieces.

Inventory:

Hand Weapons
 a - a +2 dagger
 y - a +0 short sword of venom
 A - the +7 staff of the Meek (weapon) {protect, meekguard}
   (You found it on level 3 of the Dungeon)

   It grants its wielder temporary protection when it strikes (+7 to AC).
   It provides extra protection to wielders with little health.
Missiles
 d - 48 poisoned darts
 e - 2 curare-tipped darts (quivered)
Armour
 b - a +0 robe
 c - a +0 cloak (worn)
 l - a +0 ring mail (worn)
 m - the cursed +2 hat "Negligence of Ashenzari" (worn) {Alch, Bglg}
   (You found it on level 2 of the Dungeon)

   It has a curse which improves the following skills: Alchemy: Poison Magic and
   Transmutations.
   Beguiling: Conjurations, Hexes and Translocations.
 I - a +0 pair of gloves (worn)
 J - a +0 leather armour of cold resistance
 K - the +3 leather armour "Dynalij" {rElec rC- Dex+2}
   (You found it on level 7 of the Dungeon)

   Dex:       It affects your dexterity (+2).
   rC:        It makes you vulnerable to cold.
   rElec:     It insulates you from electricity.
Jewellery
 f - the cursed amulet "Oracular Prison" (around neck) {Reflect SH+5, Self, Comp}
   (You found it on level 1 of the Dungeon)

   [amulet of reflection]

   It reflects blocked missile attacks.
   SH:        It affects your SH (+5).
   It has a curse which improves the following skills: Introspection: Fighting
   and Spellcasting.
   Companions: Summonings and Necromancy.
 g - an amulet of magic regeneration
 w - the cursed ring "Shattered Together" (left hand) {rPois, Evo, Comp}
   (You found it on level 3 of the Dungeon)

   [ring of poison resistance]

   rPois:     It protects you from poison.
   It has a curse which improves the following skills: Evocations: Evocations.
   Companions: Summonings and Necromancy.
 G - an amulet of regeneration
 L - the cursed ring of Ouranomancy (right hand) {AC+4, Elem, Self}
   (You found it on level 7 of the Dungeon)

   [ring of protection]

   AC:        It affects your AC (+4).
   It has a curse which improves the following skills: Elements: Fire Magic, Ice
   Magic, Air Magic and Earth Magic.
   Introspection: Fighting and Spellcasting.
 N - a +6 ring of intelligence
Wands
 q - a wand of digging (11)
 C - a wand of flame (31)
 E - a wand of acid (4)
 P - a wand of mindburst (2)
 Q - a wand of polymorph (5)
Scrolls
 h - 9 scrolls of teleportation
 i - 4 scrolls of enchant weapon
 j - 3 scrolls of poison
 k - 10 scrolls of identify
 n - 3 scrolls of blinking
 o - 4 scrolls of magic mapping
 p - 2 scrolls of fog
 r - a scroll of torment
 t - 4 scrolls of silence
 z - a scroll of amnesia
 R - a scroll of vulnerability
Potions
 s - 6 potions of curing
 u - a potion of heal wounds
 v - 3 potions of degeneration
 x - a potion of might
 B - 3 potions of mutation
 D - 2 potions of haste
 F - 2 potions of cancellation
 H - a potion of brilliance
 M - a potion of ambrosia
 O - a potion of lignification


   Skills:
 + Level 7.7(10.2) Fighting
 - Level 2.1 Short Blades
 + Level 7.2 Staves
 - Level 2.0 Throwing
 + Level 8.1 Dodging
 - Level 7.5 Stealth
 + Level 6.6(9.1) Spellcasting
 + Level 6.2(7.9) Conjurations
 - Level 2.2(3.5) Hexes
 + Level 7.8(10.3) Summonings
 + Level 7.3(9.8) Necromancy
 * Level 0.8(1.7) Translocations
 + Level 3.7(5.2) Transmutations
 + Level 2.9(4.3) Fire Magic
 + Level 2.6(4.0) Ice Magic
 + Level 6.0(7.6) Air Magic
 + Level 3.0(4.4) Earth Magic
 + Level 4.4(6.0) Poison Magic
 - Level 5.9(7.5) Evocations


You had 15 spell levels left.
You knew the following spells:

 Your Spells              Type           Power      Damage    Failure   Level
a - Call Canine Familiar  Summ           40%        N/A       1%          3
b - Animate Armour        Summ/Erth      60%        N/A       11%         4
c - Mephitic Cloud        Conj/Pois/Air  30%        N/A       3%          3
d - Stone Arrow           Conj/Erth      54%        3d10      5%          3
e - Blink                 Tloc           24%        N/A       17%         2

Your spell library contained the following spells:

 Spells                   Type           Power      Damage    Failure   Level
 Magic Dart               Conj           100%       1d8       1%          1
 Call Imp                 Summ           40%        N/A       1%          2
 Swiftness                Air            31%        N/A       3%          3
 Passwall                 Tmut/Erth      18%        N/A       4%          2
 Dazzling Flash           Conj/Hex       50%        N/A       6%          3
 Ensorcelled Hibernation  Hex/Ice        38%        N/A       8%          2
 Portal Projectile        Hex/Tloc       30%        N/A       22%         3
 Iskenderun's Mystic Bla  Conj/Tloc      22%        2d6       30%         4
 Leda's Liquefaction      Hex/Erth       10%        N/A       41%         4
 Blade Hands              Tmut           12%        N/A       58%         5
 Iron Shot                Conj/Erth      13%        9d3       95%         6
 Starburst                Conj/Fire      13%        6d5       96%         6
 Manifold Assault         Tloc           12%        N/A       97%         5
 Storm Form               Tmut/Air       14%        N/A       100%        7
 Lehudib's Crystal Spear  Conj/Erth      13%        10d5      100%        8


Dungeon Overview and Level Annotations

Branches:
Dungeon (8/15)             Temple (1/1) D:4            Lair (5/6) D:8
  Swamp (0/4) Lair:4       Spider (0/4) Lair:4        IceCv (1/1)
  Slime: Lair:5-6

Altars:
Ashenzari
Cheibriados
Dithmenos
Elyvilon
Fedhas
Gozag
Hepliaklqana
Kikubaaqudgha
Makhleb
Nemelex Xobeh
Okawaru
Qazlal
Ru
Sif Muna
Trog
Uskayaw
Vehumet
Wu Jian
Xom
Yredelemnul
Zin
The Shining One
Beogh

Shops:
D:3 (:([:   D:5 (

Annotations:
IceCv exclusion: ice statue


Innate Abilities, Weirdness & Mutations

You have a beak for a mouth.
You have claws for feet.
Your magical nature lets you fly swiftly and evasively.


Message History

Your animated ring mail hits the ice devil!
The ice devil dies!
Your hound barely misses the wolf simulacrum.
The wolf simulacrum misses you. The ice devil barely misses you.
You hit the ice devil.
You kill the ice devil!
Your hound bites the wolf simulacrum.
The wolf simulacrum vaporises!
Unknown command.
You start resting.
An entropy weaver simulacrum is nearby!
Casting: Stone Arrow (dangerous; 5% risk of failure)
Confirm with . or Enter, or press ? or * to list all spells.
Aiming: Stone Arrow (dangerous; 5% risk of failure)
Press: ? - help, Shift-Dir - straight line, f - entropy weaver simulacrum
Aim: an entropy weaver simulacrum (ally target, 79% to hit)
The stone arrow hits the entropy weaver simulacrum!!
The entropy weaver simulacrum is heavily damaged.
Your animated ring mail disappears in a puff of smoke!
Your hound bites the entropy weaver simulacrum but does no damage.
The entropy weaver simulacrum barely misses your hound.
The entropy weaver simulacrum hits your hound.
The entropy weaver simulacrum freezes your hound!!
Your hound dies!
Your hound's corpse disappears in a puff of smoke!
You sock the entropy weaver simulacrum!
Your weapon exudes an aura of protection.
The entropy weaver simulacrum is severely damaged.
The entropy weaver simulacrum hits you but does no damage.
The entropy weaver simulacrum hits you.
The entropy weaver simulacrum freezes you!!
The entropy weaver simulacrum hits you but does no damage.
The entropy weaver simulacrum closely misses you.
You hit the entropy weaver simulacrum but do no damage.
You claw the entropy weaver simulacrum, but do no damage.
The entropy weaver simulacrum is severely damaged.
The entropy weaver simulacrum hits you.
* * * LOW HITPOINT WARNING * * *
The entropy weaver simulacrum freezes you!!
You die...

##.## ##..# ## ###
#####...## #..####.
#.####.....#..#
#...#...
##..##.....##..##
##.....#
#...##.....###[.#
##...##
#.##.......###..##
######
#..#........###..#
##. ##..##.......#
#..## ##..
#..####...@..#
##..# ##... #.##
#....ZZ##
##.####...# #..#
##..8#..##
#..##...## #..#
#..###..####..#..##
##.## #[.# ##..#
#.....# #..#
######..## ##...##
##.## ##..### #####
##..# #.4##.##
#..## #..#.{.##


You could see a wolf simulacrum and an entropy weaver simulacrum.

Vanquished Creatures
  3 hydras
  A bog body (Lair:4)
  8 elephants
  8 cane toads
  Maggie (D:6)
  9 komodo dragons
  4 ice devils (IceCv)
  2 freezing wraiths (IceCv)
  A hornet (D:8)
  A polar bear (Lair:1)
  13 blink frogs
  A dream sheep (Lair:4)
  Sigmund (D:6)
  2 jumping spiders (Lair:4)
  13 yaks
  5 wyverns
  3 basilisks
  A death yak simulacrum (IceCv)
  2 harpy simulacra (IceCv)
  Menkaure (D:6)
  5 water moccasins
  An ice beast (D:4)
  2 orc warriors
  A sky beast (D:7)
  3 black bears
  2 ogres (D:5)
  5 wolves
  2 phantoms (D:5)
  A scorpion (D:5)
  7 bullfrogs
  2 cane toad simulacra (IceCv)
  2 necrophages
  2 two-headed ogre simulacra (IceCv)
  10 wights
  6 hounds
  2 jellies (D:7)
  A gnoll shaman (D:5)
  3 orc priests
  Jessica (D:3)
  2 iguanas
  Natasha (thrice) (D:2)
  7 orc wizards
  A polar bear simulacrum (IceCv)
  A troll simulacrum (IceCv)
  2 spriggan simulacra (IceCv)
  4 wolf simulacra (IceCv)
  8 adders
  2 gnolls (D:5)
  2 white imps
  2 worms
  3 dart slugs
  15 orcs
  3 bats
  4 endoplasms
  3 giant cockroaches
  4 goblins
  7 hobgoblins
  10 kobolds
  A quokka (D:2)
  4 ball pythons
  3 frilled lizards
  3 rats
232 creatures vanquished.

Vanquished Creatures (collateral kills)
  A death yak (Lair:4)
  An elephant (Lair:4)
  A cane toad (Lair:4)
  2 rime drakes (Lair:4)
  3 komodo dragons
  An ice devil (IceCv)
  A polar bear (Lair:3)
  6 blink frogs
  4 yaks
  4 basilisks
  A water moccasin (Lair:4)
  2 wolves
  A bullfrog (Lair:3)
  2 wolf simulacra (IceCv)
  A naga simulacrum (IceCv)
  An orc (D:8)
32 creatures vanquished.

Vanquished Creatures (others)
  15 fungi
  27 plants
42 creatures vanquished.

Grand Total: 306 creatures vanquished

Notes
Turn   | Place    | Note
-------+----------+-------------------------------------------
     0 | D:1      | Shayle the Tengu Brigand began the quest for the Orb.
     0 | D:1      | Reached XP level 1. HP: 12/12 MP: 2/2
   218 | D:1      | Found a faded altar of an unknown god.
   319 | D:1      | Reached XP level 2. HP: 15/17 MP: 3/3
   925 | D:2      | Noticed Natasha
   941 | D:2      | Reached XP level 3. HP: 10/22 MP: 5/5
   941 | D:2      | Killed Natasha
   942 | D:2      | Reached skill level 2 in Dodging
   942 | D:2      | Reached skill level 1 in Spellcasting
  1156 | D:2      | Noticed Natasha
  1162 | D:2      | Killed Natasha
  1163 | D:2      | Reached XP level 4. HP: 27/27 MP: 5/7
  1393 | D:2      | Noticed Natasha
  1396 | D:2      | Killed Natasha
  1436 | D:2      | Gained mutation: Your magical nature lets you fly swiftly
                  | and evasively. [Tengu growth]
  1436 | D:2      | Reached XP level 5. HP: 32/32 MP: 8/8
  1641 | D:3      | Found Oppis's Book Emporium.
  1670 | D:3      | Found Teahobun's Armour Emporium.
  1905 | D:3      | Found Mewashr Miro's Weapon Boutique.
  2086 | D:3      | Noticed Jessica
  2100 | D:3      | Killed Jessica
  2149 | D:3      | Found Ycvulaishu's Book Boutique.
  2223 | D:3      | Found Yppetafu's Weapon Shop.
  2590 | D:3      | Reached skill level 3 in Dodging
  2590 | D:3      | Found the +7 staff of the Meek {protect, meekguard}
  2799 | D:4      | Found a staircase to the Ecumenical Temple.
  2805 | Temple   | Entered the Ecumenical Temple
  3140 | Temple   | Became a worshipper of Ashenzari the Shackled
  3209 | D:4      | Reached skill level 5 in Stealth
  3209 | D:4      | Reached XP level 6. HP: 28/37 MP: 10/10
  3529 | D:4      | Reached skill level 1 in Staves
  3953 | D:5      | Entered Level 5 of the Dungeon
  4012 | D:5      | Found Metruik's Hydra Hut.
  4019 | D:5      | Reached skill level 1 in Necromancy
  4019 | D:5      | Reached XP level 7. HP: 41/42 MP: 10/12
  4019 | D:5      | Noticed a four-headed hydra
  4079 | D:5      | Reached skill level 1 in Summonings
  4164 | D:5      | Reached skill level 1 in Evocations
  4565 | D:5      | Reached skill level 4 in Dodging
  4565 | D:5      | Reached XP level 8. HP: 48/48 MP: 13/13
  4599 | D:5      | Reached * piety under Ashenzari
  5155 | D:6      | Noticed Maggie
  5173 | D:6      | Killed Maggie
  5361 | D:6      | Noticed Menkaure
  5366 | D:6      | Killed Menkaure
  5395 | D:6      | Reached XP level 9. HP: 30/55 MP: 15/17
  5561 | D:6      | Noticed Sigmund
  5569 | D:6      | Killed Sigmund
  5570 | D:6      | Reached skill level 5 in Fighting
  5570 | D:6      | Reached skill level 5 in Dodging
  6448 | D:7      | Identified the +3 leather armour "Dynalij" {rElec rC-
                  | Dex+2}
  6600 | D:7      | Learned a level 3 spell: Call Canine Familiar
  6605 | D:7      | Learned a level 4 spell: Animate Armour
  6866 | D:7      | Found an ancient bone altar of Kikubaaqudgha.
  6874 | D:7      | Found a white marble altar of Elyvilon.
  6993 | D:8      | Noticed a hornet
  7000 | D:8      | Killed a hornet
  7418 | D:8      | Reached ** piety under Ashenzari
  7438 | D:8      | Noticed an elephant
  7439 | D:8      | Found a staircase to the Lair.
  7480 | D:8      | Reached XP level 10. HP: 44/61 MP: 19/19
  7489 | D:8      | Killed an elephant
  7784 | D:8      | Reached skill level 5 in Summonings
  7787 | D:8      | Reached skill level 5 in Staves
  7822 | D:8      | Reached skill level 6 in Dodging
  7906 | Lair:1   | Entered Level 1 of the Lair of Beasts
  7915 | Lair:1   | Reached skill level 5 in Spellcasting
  7993 | Lair:1   | Reached skill level 5 in Necromancy
  8163 | Lair:1   | Noticed a cane toad
  8187 | Lair:1   | Killed a cane toad
  8205 | Lair:1   | Reached skill level 1 in Conjurations
  8245 | Lair:1   | Reached skill level 1 in Poison Magic
  8320 | Lair:1   | Reached skill level 1 in Transmutations
  8434 | Lair:1   | Reached skill level 1 in Hexes
  8456 | Lair:1   | Reached skill level 5 in Evocations
  8583 | Lair:1   | Learned a level 3 spell: Mephitic Cloud
  8689 | Lair:1   | Reached XP level 11. HP: 59/67 MP: 16/22
  9021 | Lair:1   | Reached skill level 1 in Air Magic
 10545 | Lair:3   | Reached *** piety under Ashenzari
 10557 | Lair:3   | Reached skill level 1 in Earth Magic
 10626 | Lair:3   | Noticed a five-headed hydra
 10646 | Lair:3   | Killed a five-headed hydra
 11026 | Lair:3   | Reached skill level 7 in Dodging
 11384 | Lair:3   | Noticed a seven-headed hydra
 11396 | Lair:3   | Killed a seven-headed hydra
 11397 | Lair:3   | Reached XP level 12. HP: 58/76 MP: 20/25
 12232 | Lair:4   | Found a hole to the Spider Nest.
 12468 | Lair:3   | Reached skill level 1 in Fire Magic
 12661 | Lair:3   | Learned a level 3 spell: Stone Arrow
 12708 | Lair:3   | Reached skill level 1 in Ice Magic
 12855 | Lair:4   | Reached skill level 5 in Conjurations
 13005 | Lair:4   | Found a staircase to the Swamp.
 13197 | Lair:4   | Reached skill level 5 in Air Magic
 13492 | Lair:4   | Noticed a four-headed hydra
 13502 | Lair:4   | Killed a four-headed hydra
 13641 | Lair:4   | Reached XP level 13. HP: 51/82 MP: 3/27
 14292 | Lair:4   | Reached skill level 8 in Dodging
 15006 | Lair:5   | Found a frozen archway.
 15019 | Lair:5   | Learned a level 2 spell: Blink
 15029 | IceCv    | Entered an ice cave
 16387 | IceCv    | Found an ancient bone altar of Kikubaaqudgha.
 16430 | IceCv    | Slain by an entropy weaver simulacrum

Illustrated notes

Levels and vault maps discovered:
D:1:      minmay_arrival_doors, layout_loops_ring,
          ebering_ecumenical_altar_abandoned
D:2:      layout_loops_ring, uniq_natasha
D:3:      layout_basic, serial_shops, nicolae_shop_bloodbath_and_beyond,
          nicolae_shop_waterfront, nicolae_shop_statue_plus, shop_fountains,
          shop, pf_guarded_unrand_meek, uniq_jessica
D:4:      layout_cave_pools, minmay_temple_entry_statues_fountains,
          serial_forest, infiniplex_forest_straight_3, infiniplex_forest_3_way,
          infiniplex_forest_straight_5, infiniplex_forest_lined_corner,
          infiniplex_forest_clump_small, infiniplex_forest_straight_4,
          infiniplex_forest_join
D:5:      layout_loops_ring, doesnt_shop_hydraphobe
D:6:      layout_basic, skrybe_limestone_x, uniq_menkaure, uniq_maggie,
          uniq_sigmund
D:7:      layout_loops_cross, mainiacjoe_overflow_big_doors
D:8:      layout_cave_pods, david_lair_generic, serial_shops,
          nicolae_shop_statue_plus
Temple:   mainiacjoe_temple_cubbyholes
Lair:1:   layout_chaotic_city, chequers_serial_rivers_small_a,
          lemuel_old_faithful, grunt_megastairs_2, lemuel_fruit_tree
Lair:2:   layout_cave_pods, columned_hall_lemuel
Lair:3:   layout_small_grid, serial_forest, infiniplex_forest_lined_3,
          infiniplex_forest_corner_1, infiniplex_forest_lined_3_way,
          infiniplex_forest_straight_4, infiniplex_forest_lined_1,
          infiniplex_forest_3_way, infiniplex_forest_clump_small
Lair:4:   layout_misc_corridors, skrybe_swamp_entry_bodies, spider_nest_entry_a,
          hangedman_lair_generics_rect, serial_bayou_shore_b
Lair:5:   layout_layer_cave, basic_altar, portal_ice_cave_entry_pillars_1
IceCv:    ice_cave_small_necro

Skill      XL: |  1  2  3  4  5  6  7  8  9 10 11 12 13 |
---------------+----------------------------------------+-----
Dodging        | 2 3 4 5 6 7 8 |  8.1
Spellcasting   | 1 2 3 4 5 6 |  6.6
Fighting       | 3 4 5 6 7 |  7.7
Stealth        | 5 6 7 |  7.5
Staves         | 1 2 3 4 5 6 7 |  7.2
Necromancy     | 1 3 4 5 6 7 |  7.3
Summonings     | 2 3 4 5 6 7 |  7.8
Evocations     | 1 2 4 5 |  5.9
Conjurations   | 2 4 5 6 |  6.2
Poison Magic   | 1 3 4 |  4.4
Transmutations | 1 2 3 |  3.7
Hexes          | 1 2 |  2.2
Air Magic      | 3 5 6 |  6.0
Earth Magic    | 1 2 3 |  3.0
Fire Magic     | 2 |  2.9
Ice Magic      | 1 2 |  2.6
Short Blades   | |  2.1
Throwing       | |  2.0
Translocations | |  0.8

Action                   |  1- 3 |  4- 6 |  7- 9 | 10-12 | 13-15 || total
-------------------------+-------+-------+-------+-------+-------++-------
Melee: Dagger            |    52 |    15 |       |       |       ||    67
       Peck              |     9 |     5 |    36 |   104 |    20 ||   174
       Kick              |     6 |    22 |    66 |   170 |    26 ||   290
       Short sword       |       |    24 |       |       |       ||    24
       Quarterstaff      |       |    48 |   203 |   410 |    57 ||   718
Throw: Dart              |     5 |     1 |       |       |       ||     6
 Cast: Call Canine Famil |       |       |     1 |    51 |    21 ||    73
       Mephitic Cloud    |       |       |       |    11 |     4 ||    15
       Stone Arrow       |       |       |       |    25 |    62 ||    87
       Animate Armour    |       |       |       |       |     7 ||     7
Invok: Curse Item        |       |     1 |     2 |     1 |       ||     4
Evoke: Wand              |       |       |       |     3 |       ||     3
  Use: Potion            |     1 |       |     1 |     1 |     2 ||     5
       Scroll            |       |       |     1 |       |     1 ||     2
 Stab: Sleeping          |     1 |     6 |     9 |     4 |       ||    20
       Distracted        |       |     2 |       |     8 |     2 ||    12
       Confused          |       |       |       |     6 |     1 ||     7
Armor: Robe              |    10 |       |       |       |       ||    10
       Ring mail         |    11 |    21 |   122 |   163 |    36 ||   353
Dodge: Dodged            |    41 |    45 |   109 |   299 |    63 ||   557
Block: Other             |       |     5 |    33 |    97 |    17 ||   152
       Reflection        |       |       |       |     1 |       ||     1

Table legend: (Time is in decaauts)
 A = Elapsed time spent in this place.
 B = Non-inter-level travel time spent in this place.
 C = Inter-level travel time spent in this place.
 D = Time resting spent in this place.
 E = Time spent auto-exploring this place.
 F = Levels seen in this place.
 G = Mean time per level.
                   A        B        C        D        E       F      G
               +--------+--------+--------+--------+--------+-----+--------+
         Total |  15689 |  15322 |    367 |   4187 |   7803 |  15 | 1045.9 |
       Dungeon |   7160 |   6987 |    173 |   1073 |   4300 |   8 |  895.0 |
        Temple |    348 |    264 |     84 |      0 |    261 |   1 |  348.0 |
          Lair |   6805 |   6697 |    108 |   2101 |   3241 |   5 | 1361.0 |
      Ice Cave |   1375 |   1375 |      0 |   1012 |      0 |   1 | 1375.0 |
               +--------+--------+--------+--------+--------+-----+--------+

Top non-repeatable levels by time:
  Lair:3: 2159 daAuts
  Lair:4: 2131 daAuts
   IceCv: 1375 daAuts
  Lair:1: 1297 daAuts
  Lair:2: 1125 daAuts
     D:6: 1093 daAuts
     D:4: 1076 daAuts
     D:3: 1058 daAuts
     D:7: 853 daAuts
     D:1: 850 daAuts
     D:2: 752 daAuts
     D:8: 746 daAuts
     D:5: 729 daAuts
  Temple: 348 daAuts
  Lair:5: 92 daAuts
